 Dungeon Crawl Stone Soup version 0.29.1-15-g9cfb28693d (webtiles) character file.

Game seed: 9099505955674028706

161 leafyfresh the Sneak (level 5, -2/37 HPs)
             Began as an Octopode Delver on Mar 14, 2023.
             Slain by an ogre
             ... wielding a +0 giant club
              (26 damage)
             ... on level 4 of the Dungeon.
             The game lasted 00:01:20 (711 turns).

leafyfresh the Sneak (Octopode Delver)               Turns: 711, Time: 00:01:20

Health: -2/37      AC:  1    Str: 12    XL:     5   Next: 42%
Magic:  5/5        EV: 14    Int: 14    God:
Gold:   18         SH:  0    Dex: 13    Spells: 4/4 levels left

rFire   . . .      SeeInvis .   a - +0 short sword
rCold   . . .      Faith    .   (no shield)
rNeg    . . .      Spirit   .   (helmet restricted)
rPois   .          Reflect  .   (no amulet)
rElec   .          Harm     .   (no ring)
rCorr   .          Rampage  .   (no ring)
Will    .....                   (no ring)
Stlth   +++++.....              (no ring)
HPRegen 0.12/turn               (no ring)
MPRegen 0.09/turn               (no ring)
                                (no ring)
                                (no ring)

@: no status effects
A: almost no armour, amphibious, 8 rings, camouflage 1, gelatinous body 1,
(nimble swimmer 1), tentacles
a: no special abilities


You were on level 4 of the Dungeon.
You visited 1 branch of the dungeon, and saw 3 of its levels.

You collected 18 gold pieces.

Inventory:

Hand Weapons
 a - a +0 short sword (weapon)
Wands
 f - a wand of digging (3)
Scrolls
 b - a scroll of fog
 c - a scroll of magic mapping
 d - 2 scrolls of fear
Potions
 e - a potion of haste
 g - a potion of curing {unknown}
 h - a potion of attraction {unknown}


   Skills:
 + Level 4.2 Fighting
 - Level 2.0 Short Blades
 + Level 3.5 Dodging
 + Level 7.8 Stealth


You had 4 spell levels left.
You didn't know any spells.
Your spell library contained the following spells:

 Spells                   Type           Power      Damage    Failure   Level
 Summon Small Mammal      Summ           0%         N/A       28%         1
 Call Canine Familiar     Summ           0%         N/A       65%         3
 Summon Guardian Golem    Hex/Summ       0%         N/A       65%         3


Dungeon Overview and Level Annotations

Branches:
Dungeon (5/15)
 Temple: D:4-7

Altars:
The Shining One


Innate Abilities, Weirdness & Mutations

You cannot wear most types of armour.
You are amphibious.
You can wear up to eight rings at the same time.
Your skin changes colour to match your surroundings (Stealth+).
Your rubbery body absorbs attacks. (AC +1, EV +1)
((You are camouflaged when in or above water. (Stealth+)))
You have tentacles for arms and can constrict up to eight enemies at once.


Message History

An orc is nearby!
You hit the orc. Your grab misses the orc. Your squeeze misses the orc.
The orc is lightly wounded.
An ogre comes into view. It is wielding a +0 giant club.
The orc hits you with a +0 short sword.
The ogre shouts!
You hit the orc. Your grab misses the orc.
The orc is heavily wounded.
The orc hits you with a +0 short sword.
You completely miss the orc. You grab the orc. Your squeeze misses the orc.
The orc is heavily wounded.
You constrict the orc. The orc hits you with a +0 short sword.
You hit the orc.
You kill the orc!
An ogre is nearby!
Things that are here:
a +0 short sword; an orc corpse Unknown command.
Found a club.
Found 11 gold pieces.
Found a short sword.
Found a curved wooden wand.
Found a scroll labelled ZAXUSEU INENICUI.
Found a scroll labelled ZOOSKI QAXOMUA.
You hit the ogre. You squeeze the ogre!
The ogre is heavily wounded.
The ogre hits you with a +0 giant club!
You hit the ogre.
The ogre is severely wounded.
The ogre closely misses you.
You barely miss the ogre.
The ogre is severely wounded.
You hit the ogre.
The ogre is severely wounded.
The ogre misses you.
You hit the ogre.
The ogre is almost dead.
The ogre hits you with a +0 giant club!!
Ouch! That really hurt!
You die...

#......####.....
#/)$............
##..........#...#
#...........#....
##......#.....#...
##.....###.........
##.....##
.......... #......#
#..#..#....
#..@O.##
...#.##.... ##?...#
#...... #...
##..#... ####.....
..... #..?. ..#


You could see an ogre.

Vanquished Creatures
  2 scorpions
  A hound (D:4)
  An adder (D:4)
  2 orcs (D:4)
  An endoplasm (D:4)
  A goblin (D:4)
  A hobgoblin (D:4)
  A kobold (D:4)
10 creatures vanquished.

Notes
Turn   | Place    | Note
-------+----------+-------------------------------------------
     0 | D:5      | leafyfresh the Octopode Delver began the quest for the Orb.
     0 | D:5      | Reached XP level 1. HP: 16/16 MP: 1/1
    13 | D:5      | Noticed a scorpion
    20 | D:5      | Killed a scorpion
    21 | D:5      | Reached skill level 7 in Stealth
    21 | D:5      | Reached XP level 2. HP: 21/21 MP: 2/2
    21 | D:5      | Reached XP level 3. HP: 26/26 MP: 3/3
    21 | D:5      | Reached XP level 4. HP: 32/32 MP: 4/4
    32 | D:4      | Noticed a scorpion
    48 | D:4      | Killed a scorpion
   351 | D:4      | Reached XP level 5. HP: 37/37 MP: 5/5
   654 | D:3      | Found a glowing golden altar of the Shining One.
   674 | D:4      | Noticed an ogre
   711 | D:4      | Slain by an ogre

Illustrated notes

Levels and vault maps discovered:
D:3:      layout_basic, nicolae_overflow_hidden_temple, minmay_guardbox
D:4:      layout_cave_pools
D:5:      layout_basic, temple_statues, serial_shops, nicolae_shop_waterfront,
          cheibrodos_sewer_entry_sluice, kennysheep_dice

Skill      XL: |  1  2  3  4 |
---------------+-------------+-----
Stealth        | 7 |  7.8
Fighting       | 4 |  4.2
Dodging        | 3 |  3.5
Short Blades   | |  2.0

Action                   |  1- 3 |  4- 6 || total
-------------------------+-------+-------++-------
Melee: Short sword       |     1 |    34 ||    35
       Constrict         |     1 |     7 ||     8
       Tentacles         |     1 |     6 ||     7
 Stab: Sleeping          |     1 |     2 ||     3
Armor: Skin              |       |     2 ||     2
Dodge: Dodged            |       |    16 ||    16
